 Dungeon Crawl Stone Soup version 0.28.0-1-gb440e238dd (webtiles) character file.

Game seed: 16971269090740315972

653 Ablot the Grasshopper (level 7, -8/56 HPs)
             Began as a Gnoll Warper on Feb 24, 2022.
             Mangled by Menkaure (19 damage)
             ... on level 5 of the Dungeon.
             The game lasted 00:06:26 (3820 turns).

Ablot the Grasshopper (Gnoll Warper)                Turns: 3820, Time: 00:06:27

Health: -8/56      AC:  4    Str: 13    XL:     7   Next: 54%
Magic:  15/15      EV: 13    Int: 12    God:
Gold:   156        SH:  0    Dex: 11    Spells: 13/17 levels left

rFire   + . .      SeeInvis .   g - +2 dagger (speed)
rCold   . . .      Faith    .   (no shield)
rNeg    . . .      Spirit   .   b - +0 leather armour
rPois   .          Reflect  .   (no helmet)
rElec   .          Harm     .   F - +0 cloak
rCorr   .          Rampage  .   (no gloves)
Will    .....                   (no boots)
Stlth   ++........              v - amulet of regeneration
HPRegen 0.98/turn               n - ring of protection from fire
MPRegen 0.14/turn               (no ring)

@: no status effects
A: fangs 1, strong nose, distributed training
a: no special abilities


You were on level 5 of the Dungeon.
You visited 1 branch of the dungeon, and saw 5 of its levels.

You collected 156 gold pieces.

Inventory:

Hand Weapons
 a - a +0 spear
 g - a +2 dagger of speed (weapon)
 u - a +2 dagger of venom
Missiles
 d - 5 boomerangs of dispersal (quivered)
 l - 82 stones
 m - 10 sling bullets
 o - 69 arrows
 x - 2 poisoned darts
 z - a throwing net
Armour
 b - a +0 leather armour (worn)
 F - a +0 cloak (worn)
Jewellery
 n - a ring of protection from fire (left hand)
 v - an amulet of regeneration (around neck)
Wands
 w - a wand of mindburst (14)
Scrolls
 c - 2 scrolls of blinking
 e - a scroll of enchant weapon {unknown}
 f - 2 scrolls of identify {unknown}
 j - a scroll of brand weapon {unknown}
 k - 2 scrolls of amnesia {unknown}
 p - a scroll of magic mapping {unknown}
 s - 3 scrolls of noise {unknown}
 y - 2 scrolls of immolation {unknown}
 D - a scroll of enchant armour {unknown}
 G - 2 scrolls of silence {unknown}
Potions
 h - a potion of mutation {unknown}
 i - 2 potions of haste {unknown}
 q - 2 potions of invisibility {unknown}
 r - 3 potions of brilliance {unknown}
 t - a potion of curing {unknown}
 A - a potion of magic {unknown}
 B - 2 potions of cancellation {unknown}
 C - a potion of lignification {unknown}
 E - 2 potions of heal wounds {unknown}
 H - a potion of degeneration {unknown}


   Skills:
 + Level 5.3 Fighting
 + Level 2.5 Short Blades
 + Level 2.5 Long Blades
 + Level 2.5 Axes
 + Level 2.5 Maces & Flails
 + Level 5.3 Polearms
 + Level 2.5 Staves
 + Level 2.5 Slings
 + Level 2.5 Bows
 + Level 2.5 Crossbows
 + Level 3.7 Throwing
 + Level 3.7 Armour
 + Level 5.3 Dodging
 + Level 2.5 Stealth
 + Level 2.5 Shields
 + Level 2.5 Unarmed Combat
 + Level 5.6 Spellcasting
 + Level 2.1 Conjurations
 + Level 2.1 Hexes
 + Level 2.1 Summonings
 + Level 2.1 Necromancy
 + Level 5.8 Translocations
 + Level 2.1 Transmutations
 + Level 2.1 Fire Magic
 + Level 2.1 Ice Magic
 + Level 2.1 Air Magic
 + Level 2.1 Earth Magic
 + Level 2.1 Poison Magic
 + Level 2.8 Invocations
 + Level 2.5 Evocations


You had 13 spell levels left.
You knew the following spells:

 Your Spells              Type           Power      Damage    Failure   Level
a - Blink                 Tloc           34%        N/A       3%          2
b - Wereblood             Tmut           8%         N/A       14%         2

Your spell library contained the following spells:

 Spells                   Type           Power      Damage    Failure   Level
 Gell's Gravitas          Tloc           17%        N/A       6%          3
 Lesser Beckoning         Tloc           17%        N/A       6%          3
 Teleport Other           Tloc           17%        N/A       6%          3
 Shock                    Conj/Air       32%        1d5       10%         1
 Sublimation of Blood     Necr           8%         N/A       14%         2
 Swiftness                Air            8%         N/A       28%         3
 Manifold Assault         Tloc           17%        N/A       50%         5
 Airstrike                Air            4%         N/A       67%         4
 Summon Hydra             Summ           4%         N/A       100%        7


Dungeon Overview and Level Annotations

Branches:
Dungeon (5/15)
 Temple: D:4-7

Altars:
Ru

Shops:
D:2 :   D:5 [

Annotations:
D:5 Menkaure


Innate Abilities, Weirdness & Mutations

You have very sharp teeth.
Your uncanny sense of smell can sniff out nearby items.
Your experience applies equally to all skills.


Message History

The centaur closely misses you.
You hit the centaur but do no damage.
The centaur is poisoned.
The centaur barely misses you. The centaur completely misses you.
Menkaure mumbles some strange words.
Menkaure seems to speed up.
The centaur closely misses you. The centaur completely misses you.
You hit the centaur.
The centaur looks as sick as possible!
Your punch misses the centaur.
The centaur is lightly wounded.
The centaur hits you but does no damage.
The centaur kicks you.
You hit the centaur.
The centaur is moderately wounded.
The centaur misses you. The centaur kicks you.
Menkaure calls on the powers of darkness!
The centaur convulses!
Your body is wracked with pain!
You are too injured to fight recklessly!
You are too injured to fight recklessly!
You barely miss the centaur.
The centaur is severely wounded.
The centaur hits you but does no damage.
The centaur kicks you. The centaur closely misses you. x2
You hit the centaur but do no damage.
The centaur looks as sick as possible!
The centaur is almost dead.
You kill the centaur!
Your +2 dagger of venom stops dripping with poison.
Your hands tingle!
g - a +2 dagger of speed (weapon)
You hit Menkaure but do no damage. Menkaure misses you.
You hit Menkaure but do no damage. Menkaure completely misses you.
You hit Menkaure but do no damage. You barely miss Menkaure. Menkaure hits you!
* * * LOW HITPOINT WARNING * * *
You hit Menkaure but do no damage. Menkaure closely misses you.
You hit Menkaure.
Menkaure is lightly damaged.
You hit Menkaure but do no damage.
Menkaure is lightly damaged.
Menkaure hits you!!
You die...

##.# #... ....
. #..# .. #...
....#..# #
.##..##M#.# #
≈§≈≈.##@#.# #.
###≈......#
#..
'∩'..##.### ∆
.≈###≈###)#
§≈§§....#
...####..#####
#........#
##.##.##.#
#.##.##.#


You could see Menkaure (fast).

Vanquished Creatures
  A sky beast (D:4)
  A necrophage (D:4)
  A centaur (D:5)
  A phantom (D:4)
  A scorpion (D:3)
  An orc priest (D:5)
  2 hounds
  2 orc wizards (D:5)
  A hound zombie (D:5)
  An adder (D:3)
  2 ufetubi
  An adder skeleton (D:4)
  2 worms
  2 dart slugs (D:1)
  6 orcs
  9 ball pythons
  9 bats
  16 endoplasms
  3 giant cockroaches
  9 goblins
  3 hobgoblins
  4 jackals
  3 frilled lizards (D:1)
  7 kobolds
  5 rats
93 creatures vanquished.

Notes
Turn   | Place    | Note
-------+----------+-------------------------------------------
     0 | D:1      | Ablot the Gnoll Warper began the quest for the Orb.
     0 | D:1      | Reached XP level 1. HP: 20/20 MP: 6/6
   407 | D:1      | Reached XP level 2. HP: 26/26 MP: 7/7
   418 | D:1      | Learned a level 2 spell: Blink
   761 | D:1      | Reached XP level 3. HP: 30/31 MP: 9/9
   809 | D:1      | Reached skill level 5 in Spellcasting
  1203 | D:1      | Reached skill level 1 in Invocations
  1557 | D:2      | Found Xeffevu's Book Emporium.
  1650 | D:2      | Reached skill level 1 in Short Blades
  1650 | D:2      | Reached skill level 1 in Long Blades
  1650 | D:2      | Reached skill level 1 in Axes
  1650 | D:2      | Reached skill level 1 in Maces & Flails
  1650 | D:2      | Reached skill level 1 in Staves
  1650 | D:2      | Reached skill level 1 in Slings
  1650 | D:2      | Reached skill level 1 in Bows
  1650 | D:2      | Reached skill level 1 in Crossbows
  1650 | D:2      | Reached skill level 1 in Stealth
  1650 | D:2      | Reached skill level 1 in Shields
  1650 | D:2      | Reached skill level 1 in Unarmed Combat
  1650 | D:2      | Reached skill level 1 in Evocations
  1906 | D:2      | Reached XP level 4. HP: 36/38 MP: 11/11
  2355 | D:3      | Noticed a scorpion
  2360 | D:3      | Killed a scorpion
  2361 | D:3      | Reached skill level 1 in Conjurations
  2361 | D:3      | Reached skill level 1 in Hexes
  2361 | D:3      | Reached skill level 1 in Summonings
  2361 | D:3      | Reached skill level 1 in Necromancy
  2361 | D:3      | Reached skill level 1 in Transmutations
  2361 | D:3      | Reached skill level 1 in Fire Magic
  2361 | D:3      | Reached skill level 1 in Ice Magic
  2361 | D:3      | Reached skill level 1 in Air Magic
  2361 | D:3      | Reached skill level 1 in Earth Magic
  2361 | D:3      | Reached skill level 1 in Poison Magic
  2361 | D:3      | Reached XP level 5. HP: 37/43 MP: 12/12
  3085 | D:4      | Noticed a phantom
  3167 | D:4      | Killed a phantom
  3168 | D:4      | Reached XP level 6. HP: 28/50 MP: 13/13
  3226 | D:4      | Noticed a necrophage
  3244 | D:4      | Killed a necrophage
  3245 | D:4      | Reached skill level 5 in Fighting
  3245 | D:4      | Reached skill level 5 in Polearms
  3245 | D:4      | Reached skill level 5 in Dodging
  3263 | D:4      | Noticed a sky beast
  3281 | D:4      | Killed a sky beast
  3291 | D:4      | Found a sacrificial altar of Ru.
  3577 | D:4      | Reached XP level 7. HP: 56/56 MP: 15/15
  3580 | D:5      | Entered Level 5 of the Dungeon
  3758 | D:5      | Learned a level 2 spell: Wereblood
  3801 | D:5      | Found Amisiamov's Armour Emporium.
  3805 | D:5      | Noticed Menkaure
  3820 | D:5      | Mangled by Menkaure

Illustrated notes

Levels and vault maps discovered:
D:1:      lemuel_arrival_muddy, layout_basic, minmay_quantized
D:2:      layout_rooms, serial_shops, nicolae_shop_statue_plus
D:3:      layout_basic
D:4:      layout_gridville, nicolae_ru_sacrificial_ziggurat, corexii_shack
D:5:      layout_loops_cross, jmf_multi_god_temple, tgw_xom, serial_shops,
          kennysheep_mini_moat, st_stairs_3, nicolae_wormholes, uniq_menkaure,
          uniq_edmund

Skill      XL: |  1  2  3  4  5  6  7 |
---------------+----------------------+-----
Spellcasting   | 5 |  5.6
Invocations    | 1 2 |  2.8
Short Blades   | 1 2 |  2.5
Long Blades    | 1 2 |  2.5
Axes           | 1 2 |  2.5
Maces & Flails | 1 2 |  2.5
Staves         | 1 2 |  2.5
Slings         | 1 2 |  2.5
Bows           | 1 2 |  2.5
Crossbows      | 1 2 |  2.5
Stealth        | 1 2 |  2.5
Shields        | 1 2 |  2.5
Unarmed Combat | 1 2 |  2.5
Evocations     | 1 2 |  2.5
Conjurations   | 1 2 |  2.1
Hexes          | 1 2 |  2.1
Summonings     | 1 2 |  2.1
Necromancy     | 1 2 |  2.1
Transmutations | 1 2 |  2.1
Fire Magic     | 1 2 |  2.1
Ice Magic      | 1 2 |  2.1
Air Magic      | 1 2 |  2.1
Earth Magic    | 1 2 |  2.1
Poison Magic   | 1 2 |  2.1
Throwing       | 3 |  3.7
Armour         | 3 |  3.7
Fighting       | 5 |  5.3
Polearms       | 5 |  5.3
Dodging        | 5 |  5.3
Translocations | |  5.8

Action                   |  1- 3 |  4- 6 |  7- 9 || total
-------------------------+-------+-------+-------++-------
Melee: Dagger            |   155 |   185 |    64 ||   404
       Bite              |    10 |    18 |    10 ||    38
       Punch             |     2 |     3 |       ||     5
 Stab: Sleeping          |       |     2 |       ||     2
Armor: Leather armour    |    37 |    26 |    13 ||    76
Dodge: Dodged            |    69 |   101 |    52 ||   222
